 Dungeon Crawl Stone Soup version 0.17-a0-777-g32247ce (webtiles) character file.

2265 Ladykiller69 the Cleaver (level 9, -4/69 HPs)
             Began as a Formicid Fighter on Apr 18, 2015.
             Was a Priest of Cheibriados.
             Slain by an orc warrior (14 damage)
             ... in a bailey on Apr 25, 2015.
             The game lasted 00:24:18 (6705 turns).

Ladykiller69 the Cleaver (Formicid Fighter)         Turns: 6705, Time: 00:24:18

Health: -4/69      AC:  7    Str: 31    XL:     9   Next: 65%
Magic:  9/9        EV: 10    Int: 15    God:    Cheibriados [***...]
Gold:   390        SH: 14    Dex: 19    Spells: 0 memorised, 8 levels left

rFire  . . .     SeeInvis +     E - +0 war axe (curse)
rCold  . . .     Clarity  .     b - +0 scale mail
rNeg   . . .     SustAb   .     c - +1 shield
rPois  .         Gourm    .     (helmet unavailable)
rElec  .         Spirit   .     (no cloak)
rCorr  .         Warding  .     (no gloves)
rMut   .         Stasis   +     (no boots)
MR     .....                    (no amulet)
Stlth  +.........               (no ring)
                                (no ring)

@: very slow, not resistant to hostile enchantments, very unstealthy
A: permanent stasis, dig shafts and tunnels, four strong arms, antennae 3, thin
skeletal structure 1
a: Dig, Shaft Self, Bend Time, Temporal Distortion, Renounce Religion


You were in a bailey.
You worshipped Cheibriados.
Cheibriados was most pleased with you.
You were not hungry.

You visited 2 branches of the dungeon, and saw 9 of its levels.
You also visited: Sewer and Bailey.

You collected 390 gold pieces.

Inventory:

Hand weapons
 a - a +0 war axe
 E - a cursed +0 war axe (weapon)
Missiles
 s - 13 tomahawks (quivered)
 C - 3 javelins of returning
Armour
 b - a +0 scale mail (worn)
 c - a +1 shield (worn)
 G - a +1 cloak of invisibility
Jewellery
 l - an uncursed ring of wizardry {unknown}
 o - a cursed amulet of inaccuracy {unknown}
 F - an uncursed ring of poison resistance {unknown}
 I - a +3 ring of strength {unknown}
Magical devices
 g - a wand of slowing (22)
 u - a wand of disintegration (17)
Scrolls
 h - 7 scrolls of identify
 q - a scroll of enchant armour
 v - 2 scrolls of immolation
 y - 2 scrolls of recharging {unknown}
 z - a scroll of fog {unknown}
 D - 2 scrolls of amnesia
 H - 3 scrolls of remove curse {unknown}
 K - a scroll of blinking {unknown}
Potions
 e - 2 potions of might
 j - a potion of flight
 k - a potion of invisibility
 n - 2 potions of curing
 r - a potion of cure mutation {unknown}
 x - a potion of restore abilities {unknown}
 A - a potion of ambrosia {unknown}
 J - a potion of lignification {unknown}
Comestibles
 d - 5 bread rations
 f - 5 meat rations
 m - a beef jerky
 w - a slice of pizza
 B - 2 fruits


   Skills:
 - Level 6.0 Fighting
 * Level 8.5 Axes
 - Level 6.0 Armour
 + Level 8.2 Shields


You had 8 spell levels left.
You didn't know any spells.

Dungeon Overview and Level Annotations

Branches:
Dungeon (10/15)            Temple (1/1) D:5
   Lair: D:8-11         Orc: D:9-12

Altars:
Ashenzari
Cheibriados
Dithmenos
Elyvilon
Fedhas
Gozag
Kikubaaqudgha
Makhleb
Okawaru
Qazlal
Ru
Sif Muna
Trog
Vehumet
Xom
Yredelemnul
The Shining One

Shops:
D:4 *

Annotations:
D:4 Menkaure


Innate Abilities, Weirdness & Mutations

You are under a permanent stasis effect.
You can dig through walls and to a lower floor.
Your four strong arms can wield two-handed weapons with a shield.
You have a pair of large antennae on your head (SInv).
You have a somewhat thin skeletal structure (Dex +2, Stealth).


Message History

You hit the orc warrior.
The orc warrior is moderately wounded.
You block the orc warrior's attack.
You closely miss the orc warrior.
The orc warrior is moderately wounded.
The orc warrior closely misses you.
You closely miss the orc warrior.
The orc warrior is moderately wounded.
You block the orc warrior's attack.
You closely miss the orc warrior.
The orc warrior is moderately wounded.
You block the orc warrior's attack.
You barely miss the orc warrior.
The orc warrior is moderately wounded.
The orc warrior hits you.
* * * LOW HITPOINT WARNING * * *
You hit the orc warrior.
The orc warrior is heavily wounded.
The orc warrior hits you!
You die...

.≈≈#
#≈≈......###
.
##≈......#)##
..≈......(#.#
##≈......####
#≈≈......#
≈≈.......#
.........###
.........#o##
..........#@#
........####
........#
........#
.......#
......#
.....# ....#
.


You could see an orc warrior.

Vanquished Creatures
  Sigmund (D:5)
  Edmund (D:6)
  2 ogres
  3 orc warriors
  A sky beast (D:5)
  A centaur (D:6)
  4 giant frogs (D:6)
  5 big kobolds (D:4)
  A scorpion (D:6)
  An orc priest (D:6)
  A giant frog zombie (D:6)
  A gnoll shaman (D:4)
  A hound (D:9)
  An iguana (D:6)
  Natasha (thrice) (D:2)
  4 orc wizards (D:6)
  5 worker ants
  8 gnolls
  4 adders
  2 worker ant zombies (D:6)
  A shadow imp (D:5)
  5 oozes
  6 worms
  An adder skeleton (D:4)
  4 giant geckos
  26 orcs
  9 giant cockroaches
  9 hobgoblins
  31 kobolds
  A quokka (D:2)
  18 bats
  6 giant newts
  2 giant spores (D:6)
  13 goblins
  6 jackals
  A jackal zombie (D:9)
  A quokka skeleton (D:5)
  11 rats
  4 ballistomycetes (D:6)
205 creatures vanquished.

Vanquished Creatures (others)
  2 jackals (D:4)
  A butterfly (D:4)
3 creatures vanquished.

Grand Total: 208 creatures vanquished

Notes
Turn   | Place    | Note
--------------------------------------------------------------
     0 | D:1      | Ladykiller69, the Formicid Fighter, began the quest for the Orb.
     0 | D:1      | Reached XP level 1. HP: 18/18 MP: 1/1
     6 | D:1      | Noticed an iguana
     6 | D:1      | Noticed a giant leech
     6 | D:1      | Noticed a soldier ant
     6 | D:1      | Noticed a hell rat
     6 | D:1      | Noticed a centaur warrior
   104 | D:1      | Reached XP level 2. HP: 22/24 MP: 2/2
   363 | D:2      | Reached skill level 4 in Shields
   363 | D:2      | Reached XP level 3. HP: 21/29 MP: 3/3
   401 | D:2      | Upgraded the game from 0.17-a0-670-g5d95ebd to 0.17-a0-777-g32247ce
   403 | D:2      | Noticed Natasha
   420 | D:2      | Killed Natasha
   420 | D:2      | Reached XP level 4. HP: 18/37 MP: 4/4
   597 | D:2      | Noticed Natasha
   607 | D:2      | Killed Natasha
   762 | D:2      | Found a blossoming altar of Fedhas.
   933 | D:2      | Noticed Natasha
   937 | D:2      | Killed Natasha
  1221 | D:3      | Reached XP level 5. HP: 42/42 MP: 5/5
  1793 | D:4      | Found a stormy altar of Qazlal.
  1908 | D:4      | Found Ewkopsum's Assorted Antiques.
  1974 | D:4      | Reached XP level 6. HP: 21/48 MP: 6/6
  1994 | D:4      | Reached skill level 5 in Shields
  2074 | D:4      | Found a glowing drain.
  2082 | Sewer    | Entered a sewer
  2451 | Sewer    | Gained mutation: You have a somewhat thin skeletal structure (Dex +2, Stealth). [potion of beneficial mutation]
  2815 | D:4      | Reached XP level 7. HP: 50/55 MP: 7/7
  3249 | D:5      | Entered Level 5 of the Dungeon
  3458 | D:5      | Reached skill level 5 in Armour
  3655 | D:5      | Noticed Sigmund
  3665 | D:5      | Killed Sigmund
  3665 | D:5      | Reached skill level 5 in Fighting
  3665 | D:5      | Reached skill level 5 in Axes
  3745 | D:5      | Found a staircase to the Ecumenical Temple.
  3756 | Temple   | Entered the Ecumenical Temple
  3782 | Temple   | Became a worshipper of Cheibriados the Contemplative
  3826 | D:5      | Found a white marble altar of Elyvilon.
  3826 | D:5      | Found a basalt altar of Yredelemnul.
  3829 | D:5      | Found a sacrificial altar of Ru.
  4417 | D:4      | Reached skill level 6 in Shields
  4417 | D:4      | Reached XP level 8. HP: 62/62 MP: 8/8
  4594 | D:4      | Acquired Cheibriados's first power
  4983 | D:4      | Noticed Menkaure
  4995 | D:4      | You fall through a shaft for 2 floors!
  5423 | D:6      | Reached XP level 9. HP: 40/69 MP: 9/9
  5579 | D:6      | Reached skill level 7 in Shields
  5911 | D:6      | Noticed Edmund
  5927 | D:6      | Killed Edmund
  5933 | D:6      | You fall through a shaft for 3 floors!
  5943 | D:9      | Reached skill level 8 in Axes
  6205 | D:9      | Noticed a troll
  6208 | D:10     | Entered Level 10 of the Dungeon
  6232 | D:10     | Found a flagged portal.
  6247 | Bailey   | Entered a bailey
  6489 | Bailey   | Acquired Cheibriados's second power
  6705 | Bailey   | Slain by an orc warrior

Action                   |  1- 3 |  4- 6 |  7- 9 || total
-------------------------+-------+-------+-------++-------
Melee: War axe           |    71 |   245 |   357 ||   673
Throw: Tomahawk          |       |       |     9 ||     9
Invok: Bend Time         |       |       |     2 ||     2
 Abil: Dig               |     3 |     5 |    17 ||    25
       Shaft Self        |       |       |     2 ||     2
  Use: Scroll            |       |     7 |       ||     7
       Potion            |       |     2 |     5 ||     7
  Eat: Chunk             |       |     8 |    14 ||    22
